 Dungeon Crawl Stone Soup version 0.19-a0-1019-g9c6a58d (webtiles) character file.

48449 B1inky the Carver (level 14, -3/101 HPs)
             Began as an Octopode Gladiator on July 25, 2016.
             Was a High Priest of Hepliaklqana.
             Slain by a boulder beetle (33 damage)
             ... on level 6 of the Lair of Beasts.
             The game lasted 01:03:42 (24718 turns).

B1inky the Carver (Octopode Gladiator)             Turns: 24718, Time: 01:03:54

Health: -3/101     AC:  5    Str: 15    XL:     14   Next: 46%
Magic:  29/29      EV: 22    Int:  8    God:    Hepliaklqana [*****.]
Gold:   1054       SH:  8    Dex: 17    Spells: 1 memorised, 11 levels left

rFire  + . .     SeeInvis .     N - +8 demon blade "Bloodbane" {slice, *Rage +Rage Stlth-}
rCold  + . .     Gourm    .     p - +0 buckler
rNeg   . . .     Faith    .     b - +0 hat
rPois  .         Spirit   .     L - +3 amulet of reflection
rElec  .         Dismiss  .     F - ring of stealth
rCorr  .         Reflect  +     K - ring of protection from fire
SustAt .         Harm     .     M - ring of magical power
MR     +....     Rnd*Rage +     D - ring of protection from cold
Stlth  +++.......               (no ring)
                                (no ring)
                                (no ring)
                                (no ring)

@: somewhat resistant to hostile enchantments, fairly stealthy
A: almost no armour, amphibious, 8 rings, constrict 8, tentacle spike 1,
iridescent scales 1, camouflage 1, dopey 1, gelatinous body 1
a: Recall Ancestor, Ancestor Identity, Transference, Idealise, Renounce
Religion, Evoke Berserk Rage


You were on level 6 of the Lair of Beasts.
You worshipped Hepliaklqana.
Hepliaklqana was extremely pleased with you.
You were near starving.

You visited 3 branches of the dungeon, and saw 19 of its levels.

You collected 1302 gold pieces.
You spent 248 gold pieces at shops.

Inventory:

Hand Weapons
 a - a +4 long sword of slicing
 N - the +8 demon blade "Bloodbane" (weapon) {slice, *Rage +Rage Stlth-}
   (You found it on level 6 of the Dungeon)

   It inflicts extra damage upon your enemies.
   It lets you go berserk.
   It may make you go berserk in combat.
   It makes you less stealthy.
Missiles
 c - 4 throwing nets (quivered)
Armour
 b - a +0 hat (worn)
 p - a +0 buckler (worn)
Jewellery
 m - an uncursed amulet of the gourmand
 u - an uncursed amulet of magic regeneration
 D - a ring of protection from cold (on tentacle)
 F - a ring of stealth (left tentacle)
 K - a ring of protection from fire (right tentacle)
 L - a +3 amulet of reflection (around mantle)
 M - a ring of magical power (on tentacle)
Wands
 E - a wand of digging (19/24)
 R - a wand of confusion (26/48)
 S - a wand of slowing (16/48)
Scrolls
 f - a scroll of torment {unknown}
 i - 3 scrolls of teleportation
 l - 5 scrolls of magic mapping {unknown}
 o - 4 scrolls of immolation {unknown}
 w - a scroll of blinking
 y - 9 scrolls of remove curse
 B - a scroll of enchant weapon {unknown}
 G - 3 scrolls of amnesia {unknown}
 H - 5 scrolls of enchant armour
 T - 2 scrolls of fear
 X - 4 scrolls of recharging
 Z - 2 scrolls of fog
Potions
 h - a potion of ambrosia
 k - a potion of haste
 n - 6 potions of curing
 r - 4 potions of flight
 t - 2 potions of berserk rage
 z - 2 potions of heal wounds
 C - 2 potions of magic
 I - 6 potions of brilliance
 J - a potion of invisibility {unknown}
 P - a potion of beneficial mutation {unknown}
 Q - a potion of cancellation
 U - 3 potions of agility
 W - 4 potions of might
Books
 g - a book of Necromancy

   Spells                             Type                      Level
   a - Pain                           Necromancy                   1
   b - Animate Skeleton               Necromancy                   1
   c - Vampiric Draining              Necromancy                   3
   d - Regeneration                   Charms/Necromancy            3
   e - Animate Dead                   Necromancy                   4
   f - Control Undead                 Necromancy                   4
 s - a book of Spatial Translocations

   Spells                             Type                      Level
   a - Apportation                    Translocation                1
   b - Blink                          Translocation                2
   c - Shroud of Golubria             Charms/Translocation         2
   d - Portal Projectile              Translocation                3
   e - Teleport Other                 Translocation                3
   f - Passage of Golubria            Translocation                4
 V - a book of Unlife

   Spells                             Type                      Level
   a - Recall                         Summoning/Translocation      3
   b - Animate Dead                   Necromancy                   4
   c - Control Undead                 Necromancy                   4
   d - Cigotuvi's Embrace             Necromancy                   5
   e - Death Channel                  Necromancy                   6
   f - Simulacrum                     Ice/Necromancy               6
Comestibles
 d - 22 bread rations
 e - 16 royal jellies
 q - 6 fruits
 v - a slice of pizza
 x - 10 beef jerkies
 O - 6 meat rations


   Skills:
 - Level 11.6 Fighting
 + Level 13.6 Long Blades
 - Level 2.0 Throwing
 + Level 13.6 Dodging
 - Level 3.0 Shields
 - Level 5.0 Translocations
 - Level 6.0 Invocations
 - Level 8.0 Evocations


You had 11 spell levels left.
You knew the following spells:

 Your Spells              Type           Power        Failure   Level  Hunger
a - Blink                 Tloc           N/A          12%         2    ###....


Dungeon Overview and Level Annotations

Branches:
Dungeon (12/15)            Temple (1/1) D:6            Lair (6/6) D:8
 Shoals (0/4) Lair:2       Spider (0/4) Lair:2        Slime (0/5) Lair:6
    Orc (0/2) D:12

Altars:
Ashenzari
Cheibriados
Dithmenos
Fedhas
Hepliaklqana
Kikubaaqudgha
Makhleb
Nemelex Xobeh
Okawaru
Pakellas
Qazlal
Sif Muna
Trog
Uskayaw
Yredelemnul
The Shining One
Jiyva

Shops:
D:4 *   D:7 [   D:8 }   D:9 }   D:11 *


Innate Abilities, Weirdness & Mutations

You cannot wear most types of armour.
You are amphibious.
You can wear up to eight rings at the same time.
You can use your tentacles to constrict eight enemies at once.
Your skin changes colour to match your surroundings (Stealth+).
Your rubbery body absorbs attacks. (AC +1)
One of your tentacles bears a spike.
You are partially covered in iridescent scales. (AC +4)
You are dopey. (Int -2)


Message History

The boulder beetle is heavily wounded.
You slash the boulder beetle!
The boulder beetle is severely wounded.
The blink frog hits you!
The blink frog blinks!
The blink frog hits you!
* * * LOW HITPOINT WARNING * * *
The blink frog hits you!
* * * LOW HITPOINT WARNING * * *
The blink frog blinks!
The river rat bites the plant but does no damage.
You are too injured to fight recklessly!
Unknown command.
You are too injured to fight recklessly!
Unknown command.
You feel much better. The blink frog hits you.
* * * LOW HITPOINT WARNING * * *
Pyos hits the boulder beetle with a flail!
The spiny frog stings the plant!!
The plant is destroyed!
The boulder beetle bites you!!
You die...

≈≈≈≈≈.....##....#.
≈≈≈≈≈.....#........###
.≈≈≈≈≈≈......F... .#.
.≈≈≈≈≈≈÷÷......## ..##
..≈≈≈≈≈..._>..$.# ...
...≈§≈..........##..#
..P.........F.......##
...P........BR†......#
P.......P..rF@..P...###
.P........[.F.§..#.....#
#........P...§P.....##..#
........!...P#..F.....##
##.......#......#.....#
#....................#
#.........P...<.....##
#........PPP.........#
###....†...P.........###


You could see the friendly Pyos the knight, a boulder beetle, a spiny frog, 4
blink frogs and a river rat.

Vanquished Creatures
  The ghost of Shenda the Impaler, a journeyman FoFi of Okawaru (D:12)
  2 hydras (Lair:1)
  3 hill giants
  An ugly thing (D:10)
  A manticore (D:11)
  Maurice (D:10)
  6 black mambas
  15 elephants
  9 spiny frogs
  A gargoyle (D:10)
  A rime drake (Lair:4)
  A centaur skeleton (D:12)
  4 komodo dragons
  A queen bee (Lair:4)
  3 meliai (Lair:4)
  3 trolls
  A two-headed ogre (D:8)
  24 blink frogs
  A wraith (D:8)
  32 yaks
  2 basilisks
  11 hippogriffs
  Grum (D:8)
  A hungry ghost (D:7)
  A warg (D:11)
  Duvessa (D:5)
  13 water moccasins
  4 orc warriors
  2 ice beasts
  7 porcupines
  2 phantoms
  2 black bears
  A sky beast (D:6)
  A wasp (D:9)
  2 ogres
  2 necrophages
  5 wolves
  3 centaurs (D:12)
  7 crocodiles
  A big kobold (D:11)
  Blork the orc (D:12)
  12 giant frogs
  Dowan (D:5)
  A wyvern zombie (D:8)
  6 scorpions
  A water moccasin skeleton (D:6)
  23 killer bees
  4 wights (D:10)
  An electric eel (Lair:6)
  4 howler monkeys
  4 crimson imps
  A quasit (D:8)
  2 giant frog skeletons
  6 orc priests
  4 hounds
  10 orc wizards
  Natasha (thrice) (D:2)
  8 iguanas
  3 worker ants
  24 sheep
  A killer bee zombie (D:8)
  A hound zombie (D:9)
  A hound skeleton (D:10)
  4 worker ant zombies
  Robin (D:2)
  4 gnolls (D:8)
  12 adders
  32 river rats
  3 shadow imps
  An ooze (D:2)
  An adder skeleton (D:9)
  7 worms
  A dart slug (D:2)
  6 giant geckos
  37 orcs
  8 giant cockroaches
  18 goblins
  15 hobgoblins
  8 jackals
  5 quokkas
  4 ball pythons
  9 bats
  A giant cockroach zombie (D:5)
  2 giant newts (D:2)
  A jackal skeleton (D:6)
  14 kobolds
  9 rats
  A fungus (D:8)
  A plant (D:8)
507 creatures vanquished.

Vanquished Creatures (collateral kills)
  2 hydras
  A hill giant (D:11)
  A wolf spider (Lair:2)
  2 black mambas
  2 elephants
  3 spiny frogs
  A komodo dragon (Lair:2)
  A troll (D:11)
  7 blink frogs
  A redback (Lair:2)
  8 yaks
  A basilisk (Lair:4)
  2 hippogriffs
  A hungry ghost (D:11)
  A warg (D:11)
  2 water moccasins
  3 porcupines
  An ice beast (D:10)
  A sky beast (D:8)
  A wolf (Lair:3)
  A centaur (D:12)
  3 crocodiles
  A scorpion (D:9)
  2 killer bees (D:10)
  A wasp zombie (D:12)
  A jelly (D:10)
  An orc priest (D:12)
  A giant frog skeleton (D:12)
  An iguana (Lair:4)
  2 orc wizards (D:11)
  3 sheep
  10 river rats
  A shadow imp (D:10)
  9 orcs
  A kobold (D:11)
  2 fungi (D:8)
  A plant (D:8)
83 creatures vanquished.

Vanquished Creatures (others)
  3 knights
  An ancestor (D:7)
  A river rat (Lair:6)
  10 fungi
  10 plants
25 creatures vanquished.

Grand Total: 615 creatures vanquished

Notes
Turn   | Place    | Note
-------+----------+-------------------------------------------
     0 | D:1      | B1inky the Octopode Gladiator began the quest for the Orb.
     0 | D:1      | Reached XP level 1. HP: 14/14 MP: 1/1
   243 | D:1      | Reached XP level 2. HP: 17/19 MP: 2/2
   815 | D:2      | Reached skill level 1 in Shields
   860 | D:2      | Reached XP level 3. HP: 24/24 MP: 3/3
  1556 | D:2      | Reached XP level 4. HP: 18/29 MP: 4/4
  2010 | D:2      | Noticed Robin
  2088 | D:2      | Killed Robin
  2088 | D:2      | Reached XP level 5. HP: 32/34 MP: 5/5
  2143 | D:2      | Noticed Natasha
  2154 | D:2      | Killed Natasha
  2355 | D:2      | Noticed Natasha
  2364 | D:2      | Killed Natasha
  2602 | D:2      | Noticed Natasha
  2607 | D:2      | Killed Natasha
  2910 | D:3      | Reached XP level 6. HP: 39/39 MP: 6/6
  3309 | D:3      | Gained mutation: You are partially covered in iridescent scales. (AC +4) [potion of mutation]
  3309 | D:3      | Gained mutation: You are dopey. (Int -2) [potion of mutation]
  3309 | D:3      | Gained mutation: One of your tentacles bears a spike. [potion of mutation]
  3344 | D:4      | Found a blossoming altar of Fedhas.
  3428 | D:4      | Found Ovuakkit's Assorted Antiques.
  3436 | D:4      | Bought a shiny onyx ring for 155 gold pieces
  3513 | D:4      | Found an oddly glowing altar of Pakellas.
  3774 | D:4      | Reached skill level 5 in Long Blades
  3969 | D:5      | Entered Level 5 of the Dungeon
  4016 | D:5      | Noticed Dowan
  4017 | D:5      | Noticed Duvessa
  4046 | D:5      | Killed Duvessa
  4046 | D:5      | Reached skill level 5 in Dodging
  4046 | D:5      | Reached XP level 7. HP: 26/45 MP: 7/7
  4186 | D:5      | Killed Dowan
  4973 | D:6      | Found a staircase to the Ecumenical Temple.
  4985 | D:6      | Reached XP level 8. HP: 42/50 MP: 8/8
  4994 | Temple   | Entered the Ecumenical Temple
  5127 | Temple   | Became a worshipper of Hepliaklqana
  5203 | D:6      | Found a bloodstained altar of Trog.
  5530 | D:7      | Noticed a hill giant
  5761 | D:8      | Noticed Grum
  5773 | D:8      | Killed Grum
  6119 | D:8      | Reached XP level 9. HP: 41/54 MP: 9/9
  6216 | D:8      | Found a staircase to the Lair.
  6278 | D:8      | Reached * piety under Hepliaklqana
  6519 | D:8      | Found Ygoijim's Gadget Boutique.
  7056 | D:8      | Noticed a two-headed ogre
  7064 | D:8      | Killed a two-headed ogre
  7342 | D:7      | Found a basalt altar of Yredelemnul.
  7347 | D:7      | Found a glowing golden altar of the Shining One.
  7349 | D:7      | Noticed an angel
  7399 | D:7      | Found Xoasaef's Armour Emporium.
  7588 | D:7      | Killed a hill giant
  7588 | D:7      | Reached skill level 10 in Long Blades
  7588 | D:7      | Reached skill level 10 in Dodging
  7588 | D:7      | Reached XP level 10. HP: 59/59 MP: 10/10
  7968 | Lair:1   | Entered Level 1 of the Lair of Beasts
  7968 | Lair:1   | Noticed an eight-headed hydra
  8073 | D:9      | Found Yrphee's Gadget Boutique.
  8355 | D:9      | Reached skill level 1 in Evocations
  8386 | D:9      | Reached ** piety under Hepliaklqana
  8387 | D:9      | Remembered your ancestor Pyos as a knight
  8694 | D:10     | Entered Level 10 of the Dungeon
  8934 | D:10     | Reached skill level 5 in Evocations
  9166 | D:10     | Noticed a hill giant
  9174 | D:10     | Noticed a gargoyle
  9174 | D:10     | Killed a hill giant
  9179 | D:10     | Killed a gargoyle
  9338 | D:10     | Noticed a brown ugly thing
  9347 | D:10     | Killed a brown ugly thing
  9465 | D:10     | Noticed Maurice
  9475 | D:10     | Killed Maurice
  9475 | D:10     | Reached XP level 11. HP: 67/67 MP: 17/17
  9815 | D:10     | Reached skill level 5 in Fighting
  9939 | D:10     | Noticed a hill giant
  9947 | D:10     | Killed a hill giant
 10331 | D:11     | Found Ashit's Serpentskin Sales.
 10339 | D:11     | Bought 18 poisoned needles for 93 gold pieces
 10387 | D:11     | Noticed a manticore
 10395 | D:11     | HP: 2/71 [manticore (24)]
 10396 | D:11     | Killed a manticore
 11699 | D:11     | Noticed a hill giant
 11703 | D:11     | Killed a hill giant
 12152 | D:11     | Found Ashit's Serpentskin Sales.
 12871 | D:12     | Found a staircase to the Orcish Mines.
 12915 | D:12     | Reached *** piety under Hepliaklqana
 13014 | D:12     | Noticed Shenda's ghost (journeyman FoFi)
 13276 | D:10     | Reached skill level 10 in Fighting
 13621 | D:12     | Killed Shenda's ghost
 13621 | D:12     | Reached XP level 12. HP: 33/88 MP: 18/18
 13890 | D:12     | Noticed an eight-headed hydra
 13913 | D:12     | Killed an eight-headed hydra
 14245 | D:12     | Noticed Blork the orc
 14251 | D:12     | Killed Blork the orc
 14254 | D:12     | Found a deep blue altar of Sif Muna.
 14483 | Lair:1   | Killed a nine-headed hydra
 14885 | Lair:1   | Reached skill level 1 in Invocations
 15210 | Lair:1   | Noticed an eight-headed hydra
 15250 | Lair:1   | HP: 1/90 [eight-headed hydra (10)]
 15620 | Lair:1   | Killed an eight-headed hydra
 16293 | Lair:1   | Reached skill level 5 in Invocations
 16715 | Lair:2   | Found a staircase to the Shoals.
 17187 | Lair:2   | Learned a level 2 spell: Blink
 17443 | Lair:2   | Reached skill level 1 in Translocations
 17900 | Lair:2   | Reached **** piety under Hepliaklqana
 17985 | Lair:2   | Found a hole to the Spider Nest.
 18554 | Lair:3   | Reached XP level 13. HP: 38/95 MP: 19/19
 19682 | Lair:4   | Reached skill level 5 in Translocations
 22637 | Lair:5   | Reached ***** piety under Hepliaklqana
 22798 | Lair:5   | Reached XP level 14. HP: 101/101 MP: 20/20
 23761 | Lair:6   | Entered Level 6 of the Lair of Beasts
 23771 | Lair:6   | Found a staircase to the Slime Pits.
 23771 | Lair:6   | Found a viscous altar of Jiyva.
 24718 | Lair:6   | Slain by a boulder beetle

Vault maps used:
D:1:      onia_arrival_mini_maze
D:2:      minmay_joined_circles, uniq_robin, uniq_natasha
D:4:      lemuel_doored_altar, nicolae_overflow_crystal_walls, first_bread,
          serial_shops, nicolae_shop_waterfront
D:5:      uniq_duvessa
D:6:      basic_altar
D:7:      grunt_temple_overflow_holy_war, serial_shops, shop
D:8:      dpeg_oklobed_lair, serial_shops, shop_statue, uniq_grum
D:9:      serial_shops, shop, grunt_ogre_cave, minmay_liquid_box
D:10:     st_stairs_4, billiards_dpeg, uniq_maurice
D:11:     guppyfry_shop_venom
D:12:     erik_orc_4, tgw_sif
Temple:   hc_temple_tempest_star
Lair:1:   minmay_hedge_maze, ldierk_geyser
Lair:2:   shoals_dummy_entry, spider_nest_entry_funnel_web, grunt_megastairs_3
Lair:4:   special_room
Lair:5:   grunt_megastairs_5
Lair:6:   evilmike_catoblepas_cave, slime_altar_1, infiniplex_staircase_pool

Skill      XL: |  1  2  3  4  5  6  7  8  9 10 11 12 13 14 |
---------------+-------------------------------------------+-----
Shields        | 1 2 3 |  3.0
Long Blades    | 4 5 6 8 10 12 13 | 13.6
Dodging        | 4 5 6 8 10 12 13 | 13.6
Evocations     | 8 |  8.0
Fighting       | 3 10 11 | 11.6
Invocations    | 6 |  6.0
Translocations | 3 5 |  5.0
Throwing       | |  2.0

Action                   |  1- 3 |  4- 6 |  7- 9 | 10-12 | 13-15 || total
-------------------------+-------+-------+-------+-------+-------++-------
Melee: Long sword        |    72 |   143 |   211 |   533 |   414 ||  1373
       Constrict         |    20 |    42 |    50 |   113 |    89 ||   314
       Tentacles         |     8 |    27 |    53 |   180 |   168 ||   436
       Kick              |       |    11 |   108 |   266 |   266 ||   651
       Demon blade       |       |       |    69 |   131 |   215 ||   415
 Fire: Blowgun           |       |       |       |     4 |       ||     4
Throw: Throwing net      |       |       |       |     2 |       ||     2
Invok: Ancestor Identity |       |       |     1 |       |       ||     1
       Recall Ancestor   |       |       |       |     6 |     4 ||    10
       Ancestor Life: Kn |       |       |       |     1 |       ||     1
       Idealise          |       |       |       |       |     1 ||     1
       Transference      |       |       |       |       |     1 ||     1
 Abil: Evoke Berserk Rag |       |       |       |       |     2 ||     2
Evoke: Wand              |       |       |       |    12 |       ||    12
  Use: Scroll            |       |    11 |     1 |    14 |     2 ||    28
       Potion            |       |     1 |       |     3 |     1 ||     5
 Stab: Sleeping          |     4 |     5 |    11 |    18 |     9 ||    47
       Distracted        |     1 |       |     1 |     2 |       ||     4
  Eat: Chunk             |    11 |     9 |    18 |    57 |    14 ||   109
       Beef jerky        |       |       |       |       |     1 ||     1
Armor: Skin              |     3 |     7 |    28 |    39 |    26 ||   103
Dodge: Dodged            |    31 |    71 |   135 |   376 |   347 ||   960
Block: Buckler           |     2 |    26 |    38 |   111 |   134 ||   311
